 Dungeon Crawl Stone Soup version 0.21.1-1-g345015f (webtiles) character file.

2121 akama the Cleaver (level 9, -8/75 HPs)
             Began as a Minotaur Chaos Knight on June 18, 2018.
             Mangled by a two-headed ogre
             ... wielding a +0 giant spiked club
              (18 damage)
             ... on level 5 of the Dungeon.
             The game lasted 00:33:02 (5338 turns).

akama the Cleaver (Minotaur Chaos Knight)           Turns: 5338, Time: 00:33:02

Health: -8/75      AC: 13    Str: 20    XL:     9   Next: 8%
Magic:  17/17      EV: 12    Int: 11    God:    Xom [..*...]
Gold:   299        SH:  4    Dex: 15    Spells: 8/8 levels left

rFire    . . .     SeeInvis .   s - +2 battleaxe (chaos)
rCold    . . .     Gourm    .   (shield currently unavailable)
rNeg     + . .     Faith    .   t - +1 plate armour
rPois    .         Spirit   .   (helmet unavailable)
rElec    .         Reflect  .   (no cloak)
rCorr    .         Harm     .   (no gloves)
MR       .....     Clarity  +   (no boots)
Stlth    ..........             (no amulet)
HPRegen  0.22/turn              i - ring of magical power
MPRegen  0.15/turn              j - ring of positive energy

@: agile, hasted, very quick
A: retaliatory headbutt, claws 1, horns 3, iridescent scales 1, large bone
plates 1, slimy green scales 1, clarity, clever 1, deformed body, wild magic 1
a: Renounce Religion


You were on level 5 of the Dungeon.
You worshipped Xom.
You were a toy of Xom.
You were not hungry.

You visited 1 branch of the dungeon, and saw 6 of its levels.

You collected 299 gold pieces.

Inventory:

Hand Weapons
 s - a +2 battleaxe of chaos (weapon)
Armour
 t - a +1 plate armour (worn)
 y - a +0 buckler
Jewellery
 i - a ring of magical power (left claw)
 j - a ring of positive energy (right claw)
 k - a cursed -2 ring of intelligence {unknown}
 n - an uncursed ring of protection from magic {unknown}
Wands
 b - a wand of random effects (24)
 f - a wand of enslavement (14)
 w - a wand of digging (10)
Scrolls
 d - a scroll of identify
 e - a scroll of fog
 h - 4 scrolls of noise
 q - 2 scrolls of magic mapping
Potions
 a - a potion of curing {unknown}
 p - a potion of agility
 r - 2 potions of haste
 v - 2 potions of cancellation
 x - a potion of mutation
Comestibles
 c - 6 rations


   Skills:
 - Level 6.0 Fighting
 + Level 11.2 Axes
 * Level 7.2 Armour
 - Level 3.0 Dodging
 - Level 1.0 Stealth
 + Level 1.6 Shields


You had 8 spell levels left.
You didn't know any spells.

Dungeon Overview and Level Annotations

Branches:
Dungeon (6/15)             Temple (0/1) D:4

Altars:
Cheibriados
Ru
Trog
Xom


Innate Abilities, Weirdness & Mutations

You reflexively headbutt those who attack you in melee.
You have a pair of large horns on your head.
You have sharp fingernails.
You are partially covered in iridescent scales. (AC +2)
You are partially covered in large bone plates. (SH +4)
You are partially covered in slimy green scales. (AC +2)
You possess an exceptional clarity of mind.
Your mind is acute. (Int +2)
Armour fits poorly on your strangely shaped body.
Your spells are a little harder to cast, but a little more powerful.


Message History

There is a stone staircase leading up, spattered with blood here.
You can't go down here! "Go forth and cause havoc, mortal!"
You feel as though your hastened speed will last longer.
You climb upwards.
There is a stone staircase leading down here.
That item cannot be evoked!
Evoke which item? (* to show all) (? for menu, Esc to quit)
Aiming: Enslavement
Press: ? - help, Shift-Dir - straight line, f - two-headed ogre
Aim: a two-headed ogre, wielding a giant spiked club and a giant club (chance to defeat MR: 28%)
The two-headed ogre is charmed.
You swap places.
You start resting.
You feel a little less mighty now.
You start resting.
The two-headed ogre is no longer charmed.
The two-headed ogre hits you with a giant spiked club!!
You die...
Xom thinks this is hilarious!

..###P._...#....#
....#^P..^#..##.#####
..###.PPPP#####.....#
..######### #.#####.#
..........# #....##.#
.##.......###.##.##.#
.##..............##.#
..........###.......#
#.#.......#####.@####
..#.......##....O#
..........##.##.##
#########.##.##.# ###
#....)(.# ..#
######.#### #.#
#......# #.#
###.######
#.###....)#


You could see a two-headed ogre.

Vanquished Creatures
  The ghost of akama the Cleaver, a novice MiBe of Trog (D:6)
  A hippogriff (D:4)
  An ice beast (D:5)
  3 ogres (D:4)
  A phantom (D:5)
  2 centaurs (D:5)
  A scorpion (D:4)
  A water moccasin skeleton (D:3)
  A killer bee (D:4)
  A howler monkey (D:4)
  A crimson imp (D:5)
  2 hounds
  A jelly (D:5)
  2 orc wizards (D:4)
  5 worker ants
  A hound zombie (D:3)
  2 hound skeletons
  A worker ant zombie (D:3)
  2 gnolls (D:4)
  An adder (D:5)
  2 adder skeletons
  2 worms
  2 dart slugs (D:1)
  2 leopard geckos
  15 orcs
  2 ball pythons
  A bat (D:1)
  14 giant cockroaches
  6 goblins
  9 hobgoblins
  10 jackals
  9 kobolds
  A quokka (D:2)
  A ball python skeleton (D:3)
  5 frilled lizards
  2 leopard gecko skeletons (D:4)
  A quokka skeleton (D:3)
  10 rats
125 creatures vanquished.

Vanquished Creatures (collateral kills)
  The ghost of Rynafer the Ruffian, an amateur TrMo of Wu Jian (D:4)
  A gnoll (D:4)
  An adder skeleton (D:4)
3 creatures vanquished.

Vanquished Creatures (others)
  A dancing weapon (D:4)
1 creature vanquished.

Grand Total: 129 creatures vanquished

Notes
Turn   | Place    | Note
-------+----------+-------------------------------------------
     0 | D:1      | akama the Minotaur Chaos Knight began the quest for the Orb.
     0 | D:1      | Reached XP level 1. HP: 19/19 MP: 0/0
    90 | D:1      | Reached skill level 4 in Axes
    99 | D:1      | Reached XP level 2. HP: 27/27 MP: 1/1
   161 | D:1      | XOM: harmless Conj miscast
   816 | D:2      | Reached XP level 3. HP: 28/33 MP: 2/2
   963 | D:2      | XOM: divination: detect creatures
  1046 | D:2      | Found a bloodstained altar of Trog.
  1088 | D:2      | XOM: harmless Air miscast
  1133 | D:2      | Found a faded altar of an unknown god.
  1322 | D:3      | Reached skill level 5 in Axes
  1328 | D:3      | Reached XP level 4. HP: 27/41 MP: 3/3
  1464 | D:3      | XOM: 2-stop teleportation journey
  1477 | D:3      | XOM: scenery: create altars
  1478 | D:3      | Reached skill level 5 in Fighting
  1478 | D:3      | Reached XP level 5. HP: 29/48 MP: 4/4
  1694 | D:3      | XOM is BORED!
  1694 | D:3      | XOM: give mutation
  1694 | D:3      | Gained mutation: Armour fits poorly on your strangely shaped body. [Xom's mischief]
  1751 | D:3      | XOM: give mutations
  1751 | D:3      | Gained mutation: You possess an exceptional clarity of mind. [Xom's grace]
  1751 | D:3      | Gained mutation: You are robust. (+10% HP) [Xom's grace]
  1751 | D:3      | Gained mutation: You have sharp fingernails. [Xom's grace]
  1751 | D:3      | Gained mutation: Your mind is acute. (Int +2) [Xom's grace]
  1929 | D:3      | XOM: give mutations
  1929 | D:3      | Gained mutation: You are partially covered in slimy green scales. (AC +2) [Xom's grace]
  1929 | D:3      | Gained mutation: You are partially covered in iridescent scales. (AC +2) [Xom's grace]
  2010 | D:3      | Reached skill level 6 in Axes
  2118 | D:3      | XOM: god gift: glowing battleaxe {god gift}
  2140 | D:3      | XOM: give mutation
  2140 | D:3      | Gained mutation: You are partially covered in large bone plates. (SH +4) [Xom's mischief]
  2241 | D:4      | Noticed an ogre
  2251 | D:3      | XOM: give mutation
  2251 | D:3      | Gained mutation: Your spells are a little harder to cast, but a little more powerful. [Xom's mischief]
  2315 | D:4      | Found a staircase to the Ecumenical Temple.
  2331 | D:4      | Reached XP level 6. HP: 47/61 MP: 5/5
  2436 | D:4      | XOM: repel stairs
  2439 | D:4      | Reached skill level 7 in Axes
  2486 | D:4      | Noticed Rynafer's ghost (amateur TrMo)
  2508 | D:4      | XOM: give mutation
  2508 | D:4      | Lost mutation: You are robust. (+10% HP) [Xom's mischief]
  2513 | D:4      | XOM: enchant monster (bad)
  2522 | D:4      | XOM: summons 1 hostile demon
  2524 | D:4      | XOM: god gift: great mace {god gift}
  3121 | D:4      | Reached XP level 7. HP: 62/62 MP: 6/6
  3200 | D:4      | Reached skill level 1 in Stealth
  3340 | D:4      | XOM: give mutation
  3340 | D:4      | Gained mutation: You have a pair of large horns on your head. [Xom's grace]
  3459 | D:4      | XOM: cloud trail
  3523 | D:4      | XOM: harmless Tmut miscast
  3529 | D:4      | XOM: scenery: 1 doors open, 1 doors close
  3534 | D:4      | XOM: butterfly on damage
  3542 | D:4      | XOM: summons friendly ufetubus
  3548 | D:4      | Reached skill level 8 in Axes
  3792 | D:4      | XOM: potion effect (brilliance)
  3849 | D:5      | Entered Level 5 of the Dungeon
  3859 | D:5      | XOM: 4-stop teleportation journey
  3889 | D:5      | Noticed a hippogriff
  3904 | D:5      | XOM: scenery: create altars
  3924 | D:4      | XOM: fog
  3928 | D:4      | XOM: cast spell 'Summon Dragon'
  3936 | D:4      | Killed Rynafer's ghost
  4080 | D:4      | XOM: scenery: 2 doors close
  4083 | D:4      | Killed a hippogriff
  4083 | D:4      | Reached skill level 9 in Axes
  4083 | D:4      | Reached XP level 8. HP: 41/70 MP: 7/7
  4117 | D:4      | XOM: divination: magic mapping
  4342 | D:5      | XOM: god gift: +3 robe of Folly {Archmagi, MR-- Int+5}
  4343 | D:5      | Found the +3 robe of Folly {Archmagi, MR-- Int+5}
  4539 | D:5      | Reached skill level 1 in Shields
  4559 | D:5      | Found a snail-covered altar of Cheibriados.
  4715 | D:5      | XOM: confuse monster(s)
  4738 | D:5      | Reached skill level 5 in Armour
  4754 | D:5      | XOM: cleaving
  4767 | D:5      | XOM: harmless Ice miscast
  4837 | D:5      | Reached skill level 10 in Axes
  4844 | D:5      | XOM: divination: magic mapping
  4913 | D:5      | Found a sacrificial altar of Ru.
  5138 | D:6      | Noticed akama's ghost (novice MiBe)
  5164 | D:6      | Killed akama's ghost
  5164 | D:6      | Reached skill level 11 in Axes
  5164 | D:6      | Reached XP level 9. HP: 66/75 MP: 8/8
  5209 | D:6      | Noticed a two-headed ogre
  5236 | D:6      | XOM: harmless Hex miscast
  5242 | D:6      | XOM: harmless Necr miscast
  5250 | D:6      | XOM: potion effect (berserk rage)
  5254 | D:6      | XOM: potion effect (might)
  5258 | D:6      | XOM: silly message
  5287 | D:6      | XOM: potion effect (agility)
  5288 | D:6      | XOM: potion effect (haste)
  5289 | D:6      | HP: 3/75 [two-headed ogre/giant spiked club (27)]
  5290 | D:6      | XOM: potion effect (haste)
  5338 | D:5      | Mangled by a two-headed ogre

Skill      XL: |  1  2  3  4  5  6  7  8 |
---------------+-------------------------+-----
Axes           | 4 5 6 7 9 11 | 11.2
Fighting       | 4 5 6 |  6.0
Armour         | 3 4 7 |  7.2
Dodging        | 2 3 |  3.0
Stealth        | 1 |  1.0
Shields        | 1 |  1.6

Action                   |  1- 3 |  4- 6 |  7- 9 || total
-------------------------+-------+-------+-------++-------
Melee: Hand axe          |    91 |    56 |     4 ||   151
       Headbutt          |     4 |    14 |    14 ||    32
       Battleaxe         |       |    27 |    75 ||   102
Evoke: Wand              |       |       |     3 ||     3
  Use: Scroll            |       |     2 |    12 ||    14
       Potion            |       |     2 |     2 ||     4
 Stab: Distracted        |       |       |     1 ||     1
  Eat: Chunk             |     1 |     3 |       ||     4
       Ration            |       |     1 |     2 ||     3
Armor: Leather armour    |    37 |    44 |    10 ||    91
       Skin              |       |    12 |     2 ||    14
       Plate armour      |       |       |    26 ||    26
Dodge: Dodged            |    52 |    55 |    32 ||   139
Block: Other             |       |     7 |    11 ||    18
